[Event "ICC tourney 2034 (75 10)"]
[Site "Internet Chess Club"]
[Date "2020.10.04"]
[Round "4"]
[White "chessp1234"]
[Black "prabp"]
[Result "1-0"]
[ICCResult "Black checkmated"]
[WhiteElo "1714"]
[BlackElo "1503"]
[Opening "Sicilian defense"]
[ECO "B44"]
[NIC "SI.39"]
[Time "12:01:48"]
[TimeControl "4500+10"]

1. e4 c5 2. Nf3 e6 3. d4 cxd4 4. Nxd4 Nc6 5. g3 Qc7 6. Bg2 Nf6 7. Be3 Bc5 8.
Nc3 Qb6 9. Na4 Qa5+ 10. c3 Bxd4 11. Bxd4 Nxd4 12. Qxd4 Qc7 13. e5 Nd5 14.
O-O-O O-O 15. Kb1 Ne7 16. Qc5 Nc6 17. f4 b6 18. Qd6 Qxd6 19. Rxd6 f6 20.
exf6 Rxf6 21. Rhd1 Rb8 22. Bxc6 dxc6 23. Rxc6 Rf7 24. Rd8+ Rf8 25. Rxf8+
Kxf8 26. Rc7 a5 27. Nxb6 Rxb6 28. Rxc8+ Kf7 29. Rc5 Ra6 30. a4 Kf6 31. Kc2
h6 32. h4 Ke7 33. Kd3 Kd6 34. Kc4 Ra7 35. b3 Ra8 36. b4 axb4 37. Kxb4 Rb8+
38. Rb5 Ra8 39. a5 Kc7 40. Rb6 Rd8 41. Rxe6 Rd2 42. Re7+ Kb8 43. Rxg7 Rb2+
44. Kc4 Ra2 45. Rh7 Rxa5 46. Rxh6 Ra4+ 47. Kb5 Ra3 48. Rc6 Rb3+ 49. Kc4 Rb2
50. Kd4 Rg2 51. Rg6 Rd2+ 52. Kc5 Rd3 53. c4 Ra3 54. f5 Ra5+ 55. Kb6 Kc8 56.
Kxa5 Kd7 57. c5 Ke7 58. c6 Kd8 59. Re6 Kc7 60. f6 Kd8 61. Kb6 Kc8 62. Re8#
{Black checkmated}
1-0

[Event "ICC tourney 2034 (75 10)"]
[Site "Internet Chess Club"]
[Date "2020.10.04"]
[Round "4"]
[White "bgolev"]
[Black "zhouliang"]
[Result "0-1"]
[ICCResult "White resigns"]
[WhiteElo "1821"]
[BlackElo "1675"]
[Opening "Queen's Indian: 4.Nc3"]
[ECO "E12"]
[NIC "QI.02"]
[Time "12:01:48"]
[TimeControl "4500+10"]

1. d4 Nf6 2. Nf3 e6 3. c4 b6 4. Nc3 Bb7 5. e3 Be7 6. Bd3 O-O 7. e4 d5 8. e5
Ne4 9. O-O c5 10. Qc2 Ng5 11. Bxg5 Bxg5 12. cxd5 exd5 13. Nxg5 Qxg5 14.
Bxh7+ Kh8 15. f4 Qh5 16. Rf3 g6 17. Rh3 Qxh7 18. Rxh7+ Kxh7 19. Nb5 Na6 20.
Nd6 Bc8 21. Qe2 Nc7 22. f5 Ne8 23. Nxc8 Rxc8 24. f6 Nc7 25. dxc5 Rh8 26.
cxb6 axb6 27. Rc1 Ne6 28. Qe3 Rxc1+ 29. Qxc1 d4 30. Qc4 Rd8 31. Qd3 Nf4 32.
Qd2 d3 33. g3 Ne6 34. Kf2 Nc5 35. Ke3 Rd5 36. Qc3 d2 37. Qxd2 Rxd2 38. Kxd2
Kh6 39. Ke3 Kg5 40. b4 Nd7 41. Ke4 b5 42. Kd5 Kf5 43. Kc6 Nxe5+ 44. Kxb5
Kxf6 45. a4 Ke7 46. Kb6 f5 47. Kc7 g5 48. b5 f4 49. gxf4 gxf4 50. b6 f3 51.
b7 Nd7 52. b8=Q Nxb8 {White resigns} 0-1

[Event "ICC tourney 2034 (75 10)"]
[Site "Internet Chess Club"]
[Date "2020.10.04"]
[Round "4"]
[White "TigerSahi"]
[Black "QueensRule"]
[Result "1-0"]
[ICCResult "Black checkmated"]
[WhiteElo "1589"]
[BlackElo "1547"]
[Opening "Dutch defense, Rubinstein variation"]
[ECO "A40"]
[NIC "QO.17"]
[Time "12:01:50"]
[TimeControl "4500+10"]

1. d4 e6 2. c4 f5 3. Nc3 Nf6 4. Nf3 Bb4 5. Qc2 Ne4 6. a3 Bxc3+ 7. bxc3 O-O
8. Bf4 d6 9. e3 b6 10. Bd3 Bb7 11. h3 Nd7 12. O-O Qe7 13. Rab1 e5 14. Bh2
Ng5 15. Nxg5 Qxg5 16. f4 exf4 17. Bxf4 Qf6 18. c5 dxc5 19. Bxc7 Qc6 20. Bh2
g6 21. Qa2+ Kg7 22. Bb5 Qc8 23. Bxd7 Qxd7 24. Be5+ Kh6 25. Qf2 g5 26. h4 g4
27. Qf4+ Kg6 28. Qg5+ Kf7 29. Rxf5+ Ke6 30. Rxf8 Rxf8 31. Qxg4+ Ke7 32. Qg7+
Ke8 33. Qxd7+ Kxd7 34. dxc5 Be4 35. Rb4 Bc6 36. cxb6 axb6 37. Rxb6 Rg8 38.
Rb2 Rg4 39. g3 Ra4 40. Ra2 Re4 41. Bd4 Rg4 42. Kh2 Rg8 43. Rf2 Bd5 44. Rf1
Ra8 45. Ra1 Be6 46. a4 Kc6 47. a5 Ra6 48. Kg2 Bd5+ 49. Kh3 Be6+ 50. g4 Kd5
51. Kg3 Ke4 52. g5 Bf7 53. Rf1 Bg6 54. Bb6 Ra8 55. Kg4 Kd3 56. h5 Be4 57.
Rf7 Kxc3 58. Kf4 Bd5 59. Rxh7 Rf8+ 60. Ke5 Bf3 61. h6 Bg4 62. g6 Rg8 63. g7
Bh5 64. Rh8 Bf7 65. Rxg8 Bxg8 66. Kf6 Kc4 67. Kg6 Kb5 68. h7 Bxh7+ 69. Kxh7
Ka6 70. g8=Q Kb7 71. Qf7+ Ka6 72. Qa7+ Kb5 73. Qd7+ Ka6 74. Qd3+ Kb7 75. e4
Ka8 76. e5 Kb7 77. e6 Ka8 78. e7 Kb7 79. Kg7 Kc6 80. e8=Q+ Kb7 81. Qed7+ Ka8
82. Qa7# {Black checkmated} 1-0

[Event "ICC tourney 2034 (75 10)"]
[Site "Internet Chess Club"]
[Date "2020.10.04"]
[Round "4"]
[White "atevifred"]
[Black "ramnadar"]
[Result "1-0"]
[ICCResult "Black resigns"]
[WhiteElo "1897"]
[BlackElo "1756"]
[Opening "Benkö gambit half accepted"]
[ECO "A57"]
[NIC "BI.45"]
[Time "12:01:55"]
[TimeControl "4500+10"]

1. d4 Nf6 2. c4 c5 3. d5 b5 4. cxb5 a6 5. b6 Qxb6 6. Nc3 d6 7. e4 g6 8. Nf3
Bg7 9. h3 O-O 10. Bd3 a5 11. O-O Ba6 12. Rb1 Bxd3 13. Qxd3 Qa6 14. Qc2 Nbd7
15. Be3 Rfc8 16. Na4 Rab8 17. Bd2 Nh5 18. g4 Nhf6 19. Rfe1 h5 20. g5 Ne8 21.
Bc3 Ne5 22. Nxe5 dxe5 23. Bd2 c4 24. Be3 Qb5 25. Kh2 Nd6 26. f3 f5 27. Nc3
Qd7 28. Rf1 Rf8 29. Rbe1 Qb7 30. Bc1 Qd7 31. Kg2 Rf7 32. Na4 Qb5 33. Nc3 Qd7
34. Qa4 Qc7 35. Rf2 Rb4 36. Qc2 Qd7 37. Ref1 Nb7 38. Be3 Nd6 39. Bc5 Rb8 40.
Bxd6 exd6 41. Qa4 Qd8 42. h4 Rb4 43. Qd1 Bf8 44. Rc2 Be7 45. Qe1 Qb6 46. Qf2
Bd8 47. a3 Rb3 48. Na4 Qb5 49. Nc3 Qa6 50. Qe2 Bb6 51. Na4 Rc7 52. Nxb6 Qxb6
53. Rf2 f4 54. Qf1 a4 55. Rxc4 Rxc4 56. Qxc4 Rxb2 57. Qc8+ Kg7 58. Qd7+ Kg8
59. Qe8+ Kg7 60. Qe7+ Kg8 61. Qe6+ Kg7 62. Qf6+ Kh7 63. Qf7+ Kh8 64. Qf8+
Kh7 65. Qh6+ Kg8 66. Qxg6+ Kf8 67. Qf6+ Ke8 68. Qe6+ Kd8 69. Rxb2 Qxb2+ 70.
Kh3 Qxa3 71. Qf6+ Ke8 72. Qg6+ Kf8 73. Qxh5 Qc5 74. Qh6+ Kg8 75. Qe6+ Kg7
76. h5 Qf2 77. h6+ Kf8 78. Qxd6+ Ke8 79. Qxe5+ Kd8 80. Qxf4 Qf1+ 81. Kg4 a3
82. Qd6+ Kc8 83. Qxa3 {Black resigns} 1-0

[Event "ICC tourney 2034 (75 10)"]
[Site "Internet Chess Club"]
[Date "2020.10.04"]
[Round "5"]
[White "ramnadar"]
[Black "chessp1234"]
[Result "0-1"]
[ICCResult "White resigns"]
[WhiteElo "1721"]
[BlackElo "1721"]
[Opening "Caro-Kann: Panov-Botvinnik, normal variation"]
[ECO "B13"]
[NIC "CK.03"]
[Time "15:32:31"]
[TimeControl "4500+10"]

1. e4 c6 2. d4 d5 3. exd5 cxd5 4. c4 Nf6 5. Nc3 Nc6 6. Bg5 e6 7. Nf3 Be7 8.
Bd3 O-O 9. O-O a6 10. Re1 dxc4 11. Bxc4 b5 12. Bb3 Bb7 13. Qd3 Nb4 14. Qd2
Nbd5 15. Rad1 Rc8 16. a3 Nxc3 17. bxc3 Ne4 18. Bxe7 Qxe7 19. Rxe4 Bxe4 20.
Ne5 Qxa3 {White resigns} 0-1

[Event "ICC tourney 2034 (75 10)"]
[Site "Internet Chess Club"]
[Date "2020.10.04"]
[Round "5"]
[White "RajatRavi"]
[Black "prabp"]
[Result "1-0"]
[ICCResult "Black checkmated"]
[WhiteElo "1465"]
[BlackElo "1486"]
[Opening "Grünfeld: 5.Bf4"]
[ECO "D92"]
[NIC "GI.07"]
[Time "15:32:14"]
[TimeControl "4500+10"]

1. d4 Nf6 2. c4 g6 3. Nc3 d5 4. Nf3 Bg7 5. Bf4 Nc6 6. e3 Bf5 7. Qb3 O-O 8.
Qxb7 Na5 9. Qxc7 Qxc7 10. Bxc7 Nxc4 11. Bxc4 dxc4 12. O-O Rac8 13. Bg3 Ne4
14. Nxe4 Bxe4 15. Nd2 Bd3 16. Rfd1 Rfe8 17. Rac1 e5 18. dxe5 Bxe5 19. Bxe5
Rxe5 20. Nf3 Ree8 21. Nd4 Rb8 22. b3 Rec8 23. Rc3 cxb3 24. Rxc8+ Rxc8 25.
axb3 Ba6 26. h3 Rd8 27. Ra1 Rd6 28. Ra5 f5 29. b4 f4 30. b5 fxe3 31. fxe3
Bb7 32. Rxa7 Be4 33. Re7 Bd3 34. Rb7 h5 35. b6 Be4 36. Re7 Bxg2 37. Kxg2
Rxb6 38. Re6 Rxe6 39. Nxe6 Kf7 40. Nf4 Kf6 41. Kg3 Kf5 42. h4 g5 43. hxg5
Kxg5 44. Kf3 h4 45. Nh3+ Kf5 46. Nf4 Kg5 47. e4 Kf6 48. Nh3 Ke5 49. Ng5 Kd4
50. Kf4 Kc5 51. e5 Kc6 52. Kf5 Kd7 53. Kf6 Ke8 54. Ke6 Kf8 55. Kf6 Ke8 56.
e6 Kf8 57. e7+ Ke8 58. Nh3 Kd7 59. Kf7 Kd6 60. e8=Q Kd5 61. Qe6+ Kd4 62. Nf4
Kc3 63. Qe3+ Kc4 64. Qd3+ Kc5 65. Qd5+ Kb4 66. Nd3+ Kc3 67. Nf2 Kb4 68. Qc6
Kb3 69. Nd3 h3 70. Kg6 h2 71. Kg5 h1=Q 72. Qxh1 Kc3 73. Nf4 Kd4 74. Qd1+ Ke4
75. Qd5+ Ke3 76. Qc4 Kd2 77. Qd3+ Kc1 78. Qe2 Kb1 79. Nd3 Ka1 80. Qb2#
{Black checkmated}
1-0

[Event "ICC tourney 2034 (75 10)"]
[Site "Internet Chess Club"]
[Date "2020.10.04"]
[Round "5"]
[White "zhouliang"]
[Black "yogokings12"]
[Result "0-1"]
[ICCResult "White resigns"]
[WhiteElo "1616"]
[BlackElo "1697"]
[Opening "Grünfeld with Bf4 & e3"]
[ECO "D93"]
[NIC "GI.03"]
[Time "15:32:11"]
[TimeControl "4500+10"]

1. c4 Nf6 2. Nc3 d5 3. d4 g6 4. Bf4 Bg7 5. Nf3 O-O 6. e3 c5 7. dxc5 Qa5 8.
Qb3 dxc4 9. Bxc4 Nbd7 10. Ne5 Nxe5 11. Bxe5 Qxc5 12. Bd4 Qg5 13. g3 a6 14.
a4 Qa5 15. O-O-O Bg4 16. Rd2 Bf3 17. Bb6 Qf5 18. Re1 Rac8 19. Be2 Bd5 20.
Qb4 Ne4 21. Rc2 Nxc3 22. Rxc3 Rxc3+ 23. bxc3 Rc8 24. c4 Qe6 25. c5 Qf6 26.
f4 Qa1+ 27. Kd2 Qa2+ 28. Kd3 Bb3 29. Bd1 Qb1+ 30. Kd2 Qb2+ 31. Kd3 Bc2+ 32.
Bxc2 Qxb4 33. Ke2 Qc4+ 34. Bd3 Qa2+ 35. Kf3 Qxa4 36. Be4 Rc6 37. Bxc6 Qxc6+
38. Kf2 Bc3 39. Rd1 Kg7 40. Rc1 Bf6 41. h4 Qe4 42. Bc7 e5 43. fxe5 Bxe5 44.
Bxe5+ Qxe5 45. c6 Qb2+ {White resigns} 0-1

[Event "ICC tourney 2034 (75 10)"]
[Site "Internet Chess Club"]
[Date "2020.10.04"]
[Round "5"]
[White "Mapking1"]
[Black "atevifred"]
[Result "1/2-1/2"]
[ICCResult "Game drawn by repetition"]
[WhiteElo "1708"]
[BlackElo "1882"]
[Opening "Caro-Kann: exchange variation"]
[ECO "B13"]
[NIC "CK.02"]
[Time "15:32:20"]
[TimeControl "4500+10"]

1. e4 c6 2. d4 d5 3. exd5 cxd5 4. Bd3 Nf6 5. c3 e6 6. Nf3 Bd6 7. O-O O-O 8.
b3 b6 9. Ba3 Bb7 10. Ne5 Qe7 11. Bxd6 Qxd6 12. f4 Nbd7 13. Nd2 a6 14. Qe2
Rfc8 15. Rac1 Nf8 16. g4 N6d7 17. g5 Nxe5 18. fxe5 Qd8 19. h4 Rc7 20. Qg4
Rac8 21. Rf3 b5 22. b4 Bc6 23. h5 Be8 24. Rcf1 Rxc3 25. g6 hxg6 26. hxg6
Nxg6 27. Bxg6 Rxf3 28. Rxf3 Rc1+ 29. Kf2 Qe7 30. Bh7+ Kxh7 31. Qh5+ Kg8 32.
Rh3 f5 33. Qh7+ Kf8 34. Qh8+ Kf7 35. Qh5+ Kg8 36. Qh7+ Kf8 37. Qh8+ Kf7 38.
Qh5+ Kg8 39. Qh8+ Kf7 40. Qh5+ Kg8 41. Qh7+ {Game drawn by repetition}
1/2-1/2

[Event "ICC tourney 2034 (75 10)"]
[Site "Internet Chess Club"]
[Date "2020.10.04"]
[Round "5"]
[White "TigerSahi"]
[Black "bgolev"]
[Result "0-1"]
[ICCResult "White resigns"]
[WhiteElo "1582"]
[BlackElo "1828"]
[Opening "Nimzo-Indian: classical, 4...c5"]
[ECO "E38"]
[NIC "NI.22"]
[Time "15:32:12"]
[TimeControl "4500+10"]

1. d4 Nf6 2. c4 e6 3. Nc3 Bb4 4. Qc2 c5 5. dxc5 Bxc5 6. Bf4 O-O 7. e3 Bb4 8.
Nf3 Qa5 9. Bd3 d5 10. a3 Bxc3+ 11. Qxc3 Qxc3+ 12. bxc3 dxc4 13. Bxc4 Nc6 14.
O-O b6 15. Rfd1 Bb7 16. Nd4 Rfe8 17. Nb5 Ba6 18. Rd6 Na5 19. Bf1 Bxb5 20.
Bxb5 Red8 21. Rad1 Rxd6 22. Bxd6 Rd8 23. Be2 Ne4 24. Bb4 Rxd1+ 25. Bxd1 Nc4
26. Be2 Ned6 27. Bxd6 Nxd6 28. f3 Kf8 29. Kf2 Ke7 30. e4 e5 31. Ke3 g5 32.
g3 Kd7 33. g4 Kc6 34. Kd2 Kc5 35. Kc2 Nc4 36. Kb3 Ne3 37. Ka4 Ng2 38. Bf1
Ne1 39. Be2 f6 40. Kb3 h6 41. Ka4 a6 42. h3 b5+ 43. Kb3 Ng2 44. Bf1 Nf4 45.
Kb2 h5 46. Ka2 h4 47. Kb2 Ne6 48. Kb3 Kb6 49. Kb2 Ka5 50. Kb3 Nc5+ 51. Kb2
Ka4 52. Ka2 Nb3 53. Kb2 Na5 54. Be2 Nc6 55. Ka2 Ka5 56. Kb3 Kb6 57. Bf1 Kc5
58. Be2 a5 59. Bf1 Kb6 60. Be2 b4 61. a4 bxc3 62. Kxc3 Nd4 63. Bd1 Kc5 64.
Kd3 Kb4 65. Kd2 Ne6 66. Ke1 Nf4 67. Kf2 Nxh3+ 68. Kg2 Nf4+ 69. Kh2 Nd3 70.
Kh3 Nb2 71. Bc2 Nxa4 72. Kg2 Nb2 73. Kh3 a4 74. Bb1 Kb3 75. Kg2 a3 76. Kh3
Nd1 77. Kg2 Nc3 78. Bd3 a2 {White resigns} 0-1

[Event "ICC tourney 2034 (75 10)"]
[Site "Internet Chess Club"]
[Date "2020.10.04"]
[Round "6"]
[White "Mapking1"]
[Black "RajatRavi"]
[Result "1-0"]
[ICCResult "Black checkmated"]
[WhiteElo "1710"]
[BlackElo "1439"]
[Opening "Sicilian: dragon, Yugoslav attack, 10.O-O-O"]
[ECO "B78"]
[NIC "SI.18"]
[Time "19:01:34"]
[TimeControl "4500+10"]

1. e4 c5 2. Nf3 d6 3. d4 cxd4 4. Nxd4 Nf6 5. Nc3 g6 6. Be3 Bg7 7. f3 O-O 8.
Bc4 Nc6 9. Qd2 Bd7 10. O-O-O a6 11. Bb3 b5 12. Kb1 b4 13. Nce2 a5 14. h4 a4
15. Bd5 Nxd5 16. exd5 Nxd4 17. Bxd4 Qb8 18. Bxg7 Kxg7 19. h5 Rh8 20. hxg6
fxg6 21. Qd4+ Kf7 22. Qf4+ Kg7 23. Qd4+ Kf7 24. Rh4 b3 25. g4 bxc2+ 26. Kxc2
a3 27. b3 Qb7 28. Rdh1 Kg8 29. Nf4 Rc8+ 30. Kb1 Qc7 31. Qe4 Qc3 32. R4h2 Kf7
33. Rxh7+ Kf6 34. Qxe7# {Black checkmated} 1-0

[Event "ICC tourney 2034 (75 10)"]
[Site "Internet Chess Club"]
[Date "2020.10.04"]
[Round "6"]
[White "atevifred"]
[Black "chessp1234"]
[Result "0-1"]
[ICCResult "White checkmated"]
[WhiteElo "1858"]
[BlackElo "1734"]
[Opening "QGD Slav defense"]
[ECO "D10"]
[NIC "SL.01"]
[Time "19:01:22"]
[TimeControl "4500+10"]

1. d4 d5 2. c4 c6 3. Nc3 Nf6 4. e3 a6 5. a4 a5 6. Nf3 e6 7. Qc2 Na6 8. Bd2
Be7 9. Be2 O-O 10. O-O Bd7 11. e4 dxe4 12. Nxe4 c5 13. dxc5 Nxe4 14. Qxe4
Bc6 15. Qc2 Nxc5 16. Rad1 Bxa4 17. Qb1 Bxd1 18. Rxd1 Qc7 19. Bc3 Rfd8 20.
Re1 Qf4 21. Be5 Qe4 22. Qc1 Nb3 23. Qc3 Bb4 24. Bf1 Qxe1 25. Qxe1 Bxe1 26.
Nxe1 Rd1 27. Bc3 Nd2 28. Bxd2 Rxd2 29. g3 Rxb2 30. Nd3 Rb1 31. Kg2 Rd8 32.
Nc5 b6 33. Na4 Rdd1 34. Be2 Rd2 35. Bf3 Rb4 36. Nc3 Rxc4 37. Ne4 Rdd4 38.
Ng5 h6 39. Nh3 g5 40. Bh5 a4 41. Ng1 a3 42. Nf3 a2 43. Ne5 a1=Q 44. Bxf7+
Kg7 45. Bxe6 Rc1 46. Nf3 g4 47. Nxd4 Rg1# {White checkmated} 0-1

[Event "ICC tourney 2034 (75 10)"]
[Site "Internet Chess Club"]
[Date "2020.10.04"]
[Round "6"]
[White "weakfish"]
[Black "zhouliang"]
[Result "0-1"]
[ICCResult "White resigns"]
[WhiteElo "1566"]
[BlackElo "1656"]
[Opening "Caro-Kann: classical, Spassky variation"]
[ECO "B18"]
[NIC "CK.12"]
[Time "19:01:40"]
[TimeControl "4500+10"]

1. e4 c6 2. d4 d5 3. Nc3 dxe4 4. Nxe4 Bf5 5. Ng3 Bg6 6. Nf3 Nd7 7. h4 h6 8.
h5 Bh7 9. Bd3 Bxd3 10. Qxd3 Ngf6 11. Qe2 e6 12. Bf4 Nd5 13. Bd2 Qb6 14.
O-O-O c5 15. dxc5 Nxc5 16. Rh4 Be7 17. Rg4 Bf6 18. c3 O-O-O 19. Rc4 Kb8 20.
Ne5 Qc7 21. Nxf7 Qxf7 22. Rxc5 Be7 23. Rc4 Bd6 24. Ne4 Bc7 25. Nc5 e5 26.
Rh4 Qe7 27. Rc4 Nb6 28. Qe4 Bd6 29. Na6+ bxa6 30. Rc6 Qb7 31. Be3 Rd7 32.
Bxb6 axb6 33. Qd5 Rhd8 34. Qc4 Bc5 35. Rxd7 Qxd7 {White resigns} 0-1

[Event "ICC tourney 2034 (75 10)"]
[Site "Internet Chess Club"]
[Date "2020.10.04"]
[Round "6"]
[White "bgolev"]
[Black "ramnadar"]
[Result "1-0"]
[ICCResult "Black resigns"]
[WhiteElo "1834"]
[BlackElo "1693"]
[Opening "Neo-Grünfeld, 6.O-O c6"]
[ECO "D78"]
[NIC "GI.02"]
[Time "19:01:22"]
[TimeControl "4500+10"]

1. d4 Nf6 2. Nf3 g6 3. g3 Bg7 4. Bg2 O-O 5. O-O d5 6. c4 c6 7. Nc3 Nbd7 8.
b3 e6 9. Bb2 b6 10. Qc2 Ba6 11. Nd2 Rc8 12. Rac1 c5 13. dxc5 Nxc5 14. Qb1
dxc4 15. Nxc4 Bxc4 16. bxc4 a6 17. Rfd1 Qc7 18. Rd2 Rfd8 19. Rcd1 Rxd2 20.
Rxd2 Ncd7 21. Ne4 Nxe4 22. Bxe4 Bxb2 23. Qxb2 Qxc4 24. Rc2 {Black resigns}
1-0